Map: Ascension to Aiur LE

Players

LiquidTLO (TLO)

  • Race: Zerg Zerg
  • League: Master
  • Spawn Location: 5:00

Gumiho - Winner!

  • Race: Terran Terran
  • League: Master
  • Spawn Location: 11:00

Event: HomeStory Cup XV

VOD

Have the link to the VOD?

Description

Time

  • Played on: July 22, 2017, 3:26 p.m.
  • Length: 12:19

All games in this series

Show
View Real Time Build Order
Export as new Build Order

LiquidTLO Zerg 

Build Orders: Hatch First 

Get SALT Encoding   

  12  0:00  Drone  
  13  0:12  Overlord  
  13  0:17  Drone  
  14  0:31  Drone x2  
  16  0:38  Drone  
  17  0:52  Hatchery  
  17  0:54  Drone  
  17  0:57  Drone  
  17  1:02  Extractor  
  17  1:13  Spawning Pool  
  17  1:17  Drone  
  17  1:19  Drone  
  18  1:28  Drone  
  19  1:38  Overlord  
  19  2:00  Queen, Zergling x2  
  19  2:01  Zergling x2  
  23  2:02  Metabolic Boost  
  23  2:04  Queen  
  23  2:08  Drone  
  26  2:11  Drone  
  27  2:16  Drone  
  28  2:31  Hatchery  
  28  2:34  Drone  
  28  2:37  Drone  
  28  2:39  Drone  
  30  2:45  Queen  
  30  2:51  Overlord  
  32  2:55  Drone  
  32  2:56  Zergling x2  
  32  2:58  Zergling x2  
  35  3:01  Zergling x2  
  36  3:08  Overlord  
  36  3:10  Overlord  
  36  3:11  Drone  
  35  3:20  Drone  
  35  3:21  Queen  
  35  3:24  Overlord  
  38  3:28  Drone x2  
  38  3:32  Drone  
  41  3:35  Drone x2  
  43  3:42  Drone  
  43  3:44  Drone  
  44  3:49  Queen  
  44  3:50  Drone  
  44  3:51  Queen  
  44  3:55  Drone x2  
  49  3:57  Zergling x2  
  49  3:59  Zergling x2  
  49  4:01  Drone  
  52  4:03  Drone x2  
  52  4:05  Zergling x2  
  52  4:07  Zergling x2  
  56  4:10  Zergling x2  
  56  4:11  Zergling x2  
  56  4:15  Queen  
  61  4:17  Zergling x2  
  61  4:20  Zergling x2  
  61  4:21  Zergling x2  
  63  4:27  Queen  
  63  4:28  Queen  
  66  4:35  Zergling x2  
  63  4:39  Zergling x2  
  63  4:50  Spore Crawler  
  63  4:51  Queen  
  58  5:19  Drone  
  58  5:20  Drone x5  
  64  5:22  Drone x3  
  64  5:23  Drone x3  
  64  5:27  Spore Crawler  
  69  5:28  Spore Crawler  
  69  5:29  Drone  
  69  5:31  Drone  
  70  5:37  Zergling x2  
  70  5:39  Zergling x2  
  70  5:40  Drone  
  70  5:41  Drone x2  
  74  5:44  Evolution Chamber  
  74  5:46  Drone  
  74  5:47  Drone  
  74  5:48  Drone  
  73  5:51  Drone  
  73  5:55  Evolution Chamber  
  73  5:56  Evolution Chamber, Drone  
  73  5:57  Drone  
  74  6:08  Drone x2, Overlord  
  74  6:10  Overlord  
  74  6:16  Overlord  
  74  6:17  Extractor, Overlord  
  73  6:19  Hatchery, Overlord  
  73  6:23  Extractor  
  73  6:24  Extractor, Overlord  
  73  6:25  Extractor  
  68  6:26  Extractor, Drone  
  68  6:28  Drone x3  
  68  6:29  Zergling x2  
  68  6:31  Drone  
  73  6:32  Spore Crawler  
  73  6:34  Drone  
  73  6:35  Drone  
  73  6:36  Drone  
  73  6:38  Drone  
  73  6:39  Spore Crawler  
  76  6:40  Drone x2  
  76  6:42  Drone  
  76  6:43  Drone  
  76  6:46  Hatchery  
  79  6:48  Zergling x2  
  79  6:49  Zergling x2  
  79  6:52  Zergling x2  
  79  6:53  Zergling x2  
  83  6:55  Zergling x4  
  83  6:57  Zergling x2  
  83  6:58  Zergling x2  
  83  6:59  Zergling x4  
  89  7:03  Zergling x2  
  89  7:04  Zergling x2  
  83  7:17  Lair  
  83  7:18  Zerg Ground Armor Level 1, Zerg Missile Weapons Level 1  
  83  7:19  Drone  
  83  7:20  Roach Warren  
  83  7:21  Drone  
  83  7:22  Zergling x2  
  80  7:24  Drone  
  80  7:25  Drone  
  80  7:26  Drone x2  
  84  7:31  Drone x3  
  84  7:33  Drone  
  84  7:34  Drone  
  84  7:35  Queen  
  91  7:38  Drone  
  91  7:42  Baneling Nest, Drone x3  
  91  7:43  Zergling x2  
  95  7:47  Zergling x4  
  95  7:48  Queen, Zergling x4  
  95  7:53  Zergling x2  
  95  7:56  Zergling x8  
  99  7:59  Queen  
  99  8:01  Roach  
  99  8:03  Roach  
  105  8:06  Spore Crawler, Extractor  
  105  8:07  Roach  
  105  8:08  Roach  
  105  8:11  Queen  
  109  8:14  Roach x4  
  109  8:16  Glial Reconstitution  
  117  8:22  Spire, Drone  
  117  8:24  Roach  
  117  8:25  Roach  
  117  8:26  Roach  
  123  8:34  Drone  
  123  8:35  Overlord  
  123  8:36  Infestation Pit  
  123  8:37  Ravager x2  
  123  8:39  Pneumatized Carapace  
  125  8:41  Zergling x2  
  126  8:56  Drone  
  126  9:02  Overlord  
  125  9:03  Overlord  
  125  9:05  Drone  
  125  9:09  Overlord x5  
  126  9:10  Overlord x2  
  123  9:34  Mutalisk  
  123  9:35  Mutalisk x11  
  142  9:40  Zergling x4  
  142  9:44  Zergling x4  
  144  9:45  Roach  
  144  9:46  Roach  
  144  9:49  Mutalisk, Roach  
  144  9:51  Roach  
  145  9:58  Roach  
  141  10:02  Roach  
  141  10:03  Overlord  
  142  10:11  Overlord x2  
  142  10:17  Roach  
  142  10:18  Extractor, Overlord  
  142  10:19  Extractor  
  142  10:21  Spore Crawler  
  142  10:24  Drone, Hydralisk Den  
  142  10:25  Hatchery, Roach  
  142  10:27  Roach  
  144  10:31  Hatchery  
  139  10:36  Roach  
  139  10:37  Centrifical Hooks  
  139  10:42  Roach x2  
  143  10:44  Drone  
  144  10:52  Roach  
  144  10:53  Roach x2  
  144  10:54  Roach  
  144  10:55  Roach  
  148  10:57  Roach  
  148  11:00  Roach x2  
  148  11:01  Roach x2  
  148  11:03  Roach x2  
  159  11:04  Roach, Overlord  
  159  11:07  Roach  
  159  11:09  Roach  
  154  11:13  Zergling x8  
  154  11:16  Zergling x10  
  163  11:19  Hydralisk x3  
  163  11:20  Hydralisk  
  163  11:21  Hydralisk  
  163  11:24  Hydralisk  
  176  11:26  Ravager  
  176  11:29  Hydralisk  
  177  11:33  Zergling x4  
  177  11:34  Zergling x2  
  177  11:35  Zergling x2  
  177  11:37  Zergling x2  
  177  11:38  Roach x2  
  177  11:39  Roach x2  
  175  11:40  Roach  
  175  11:41  Roach  
  175  11:42  Roach  
  175  11:44  Roach  
  157  11:48  Roach x2  
  157  11:49  Roach  
  157  11:50  Roach  
  157  11:52  Roach  
  157  11:53  Roach  
  140  11:56  Roach  
Show
View Real Time Build Order
Export as new Build Order

Gumiho Terran - Winner!

Build Orders: Hellion Banshee 

Get SALT Encoding   

  12  0:00  SCV  
  13  0:12  SCV  
  14  0:17  Supply Depot  
  14  0:24  SCV  
  15  0:38  SCV  
  15  0:40  Barracks  
  16  0:44  Refinery  
  16  0:50  SCV  
  17  1:02  SCV  
  18  1:14  SCV  
  19  1:26  Marine  
  19  1:27  Orbital Command  
  20  1:40  Command Center  
  20  1:44  Marine  
  21  1:54  Factory  
  21  1:57  SCV  
  22  2:03  Barracks Reactor  
  22  2:07  Supply Depot  
  22  2:10  SCV  
  23  2:15  Refinery  
  23  2:29  SCV  
  24  2:41  SCV, Starport  
  25  2:46  Hellion  
  25  2:47  Hellion  
  29  2:51  Marine  
  29  2:52  Orbital Command  
  29  2:56  SCV  
  31  3:08  Hellion x2  
  31  3:09  Marine  
  36  3:17  Medivac  
  38  3:22  Armory  
  38  3:28  Supply Depot  
  38  3:31  Hellion  
  40  3:36  Hellion  
  40  3:38  SCV  
  43  3:44  SCV  
  44  3:52  SCV  
  44  3:54  Starport Tech Lab  
  45  3:56  SCV  
  45  3:58  Supply Depot  
  48  4:04  SCV  
  48  4:08  SCV  
  48  4:09  Hellion x2  
  52  4:13  Cloaking Field  
  52  4:14  Supply Depot  
  52  4:20  SCV x2  
  54  4:25  Banshee  
  57  4:32  SCV x2  
  58  4:44  SCV  
  58  4:45  Hellion, SCV  
  62  4:56  SCV  
  62  4:57  SCV  
  59  5:02  Hellion  
  59  5:06  Hellion, Terran Vehicle Weapons Level 1, Supply Depot  
  58  5:08  SCV  
  58  5:09  SCV, Banshee  
  58  5:13  Barracks Tech Lab  
  58  5:20  SCV  
  57  5:21  SCV  
  57  5:25  Hellion  
  57  5:27  Command Center  
  57  5:28  Hellion  
  62  5:31  Refinery  
  62  5:32  SCV  
  62  5:33  Refinery  
  63  5:36  SCV  
  64  5:44  SCV  
  61  5:51  Hellion x2, SCV  
  61  5:56  SCV  
  65  6:02  Factory  
  65  6:03  SCV  
  66  6:04  Factory  
  66  6:05  Starport Reactor  
  66  6:08  SCV  
  67  6:12  Hellion x2  
  67  6:15  SCV, Supply Depot  
  67  6:17  Supply Depot  
  71  6:20  SCV  
  72  6:28  SCV  
  73  6:33  Hellion x2, SCV  
  73  6:35  Supply Depot  
  78  6:40  SCV  
  78  6:43  Refinery  
  78  6:45  SCV  
  80  6:52  SCV, Refinery  
  80  6:53  Orbital Command  
  81  6:57  Thor x2, SCV  
  81  7:01  Medivac x2  
  96  7:04  SCV  
  103  7:08  Hellion x2  
  103  7:09  SCV  
  95  7:16  SCV  
  95  7:19  Terran Vehicle Weapons Level 2  
  95  7:21  SCV  
  95  7:30  Hellion x2, SCV x2  
  95  7:33  Factory, SCV  
  95  7:34  Factory  
  98  7:42  SCV x2  
  100  7:51  Thor x2  
  100  7:55  Hellion  
  100  7:56  Hellion  
  100  7:57  Engineering Bay  
  116  8:06  Supply Depot x2  
  116  8:08  Supply Depot  
  116  8:10  Supply Depot  
  116  8:14  Supply Depot  
  116  8:17  Factory Reactor, Factory Tech Lab  
  116  8:26  Supply Depot  
  116  8:27  Medivac x2  
  116  8:31  Supply Depot  
  116  8:32  Supply Depot x2  
  120  8:36  Siege Tank  
  120  8:37  Siege Tank x2, Hellion  
  120  8:38  Hellion  
  133  8:42  Infernal Pre-Igniter  
  133  8:44  Command Center  
  133  8:47  SCV x3  
  132  8:57  Supply Depot  
  132  8:58  Supply Depot  
  132  8:59  Hellion  
  132  9:01  Hellion x3  
  136  9:05  Viking  
  138  9:11  SCV  
  138  9:22  Siege Tank x2, Command Center  
  138  9:24  Hellion x2  
  148  9:35  Terran Vehicle And Ship Armor Level 1  
  148  9:38  Siege Tank, Hellion  
  153  9:41  Hellion  
  153  9:44  Thor x2  
  153  9:45  Hellion  
  157  9:57  Viking x2  
  157  9:58  Hellion  
  171  10:00  Hellion  
  171  10:06  Hellion x2  
  162  10:15  Thor x3  
  162  10:17  Missile Turret  
  162  10:20  Missile Turret  
  171  10:23  Missile Turret  
  168  10:39  Hellion  
  168  10:40  Hellion x3  
  168  10:41  Medivac x2  
  178  10:58  Siege Tank x2, Hellion  
  186  11:06  Hellion x2  
  190  11:13  Supply Depot  
  190  11:15  Supply Depot  
  190  11:16  Supply Depot  
  190  11:36  Viking x2  
  190  11:37  Command Center  
  172  11:49  Hellion x2  
  172  11:50  Hellion x2  
  172  11:51  Hellion  
Tags
 
Add a new tag
Caveats
  • Supply blocks, unpowered buildings, or Contaminate may cause inaccurate times.
  • Supply counts are checked every 10 seconds.